 Dungeon Crawl Stone Soup version 0.29.1-15-g9cfb28693d (webtiles) character file.

Game seed: 10396598458996046820

1874 Heoruswealwe the Thaumaturge (level 8, -2/41 HPs)
             Began as a Deep Elf Earth Elementalist on Apr 14, 2023.
             Was a Follower of Vehumet.
             Slain by a gnoll sergeant
             ... wielding a +2 spear of flaming
              (9 damage)
             ... on level 5 of the Dungeon.
             The game lasted 01:08:59 (4960 turns).

Heoruswealwe the Thaumaturge (DEEE)                 Turns: 4960, Time: 01:08:59

Health: -2/41      AC:  4    Str: 11    XL:     8   Next: 91%
Magic:  22/25      EV: 13    Int: 23    God:    Vehumet [*.....]
Gold:   194        SH:  0    Dex: 21    Spells: 15/29 levels left

rFire   + . .      SeeInvis .   b - +10 dagger "Giatzeul" {freeze, Dex+6}
rCold   x . .      Faith    .   (no shield)
rNeg    + . .      Spirit   .   c - +0 robe of Sloth {rPois rF+ rC- rN+ Slay+2}
rPois   +          Reflect  .   g - +0 helmet
rElec   .          Harm     .   h - +0 cloak
rCorr   .          Rampage  .   (no gloves)
Will    .....                   (no boots)
Stlth   ++........              i - amulet of the acrobat
HPRegen 0.13/turn               k - +6 ring of strength
MPRegen 0.19/turn               (no ring)

@: no status effects
A: no striking features
a: Renounce Religion


You were on level 5 of the Dungeon.
You worshipped Vehumet.
Vehumet was aware of your devotion.
You visited 2 branches of the dungeon, and saw 6 of its levels.
You also visited: Sewer.

You collected 356 gold pieces.
You spent 162 gold pieces at shops.

Inventory:

Hand Weapons
 a - the +2 flail "Goblin's Funeral" {vorpal, rElec rCorr Stlth+}
   (You found it on level 4 of the Dungeon)

   It inflicts extra damage upon your enemies.
   rElec:     It insulates you from electricity.
   rCorr:     It protects you from acid and corrosion.
   Stlth:     It makes you more stealthy.
 b - the +10 dagger "Giatzeul" (weapon) {freeze, Dex+6}
   (You found it on level 4 of the Dungeon)

   It freezes those it strikes, dealing additional cold damage.
   It can also slow down cold-blooded creatures.
   Dex:       It affects your dexterity (+6).
Armour
 c - the +0 robe of Sloth (worn) {rPois rF+ rC- rN+ Slay+2}
   (You found it on level 4 of the Dungeon)

   Slay:      It affects your accuracy & damage with ranged weapons and melee
   (+2).
   rF:        It protects you from fire.
   rC:        It makes you vulnerable to cold.
   rPois:     It protects you from poison.
   rN:        It protects you from negative energy.
 g - a +0 helmet (worn)
 h - a +0 cloak (worn)
 j - a +2 robe of willpower
 A - a +2 robe of resistance
Magical Staves
 o - a staff of cold
Jewellery
 i - an amulet of the acrobat (around neck)
 k - a +6 ring of strength (left hand)
Wands
 x - a wand of paralysis (9)
Scrolls
 e - 2 scrolls of vulnerability {unknown}
 f - 2 scrolls of teleportation
 p - a scroll of acquirement {unknown}
 q - a scroll of enchant weapon {unknown}
 s - a scroll of enchant armour {unknown}
 w - a scroll of blinking {unknown}
 y - 2 scrolls of fog {unknown}
Potions
 d - 3 potions of resistance
 l - 3 potions of curing
 m - 2 potions of brilliance {unknown}
 n - a potion of flight {unknown}
 r - a potion of mutation {unknown}
 t - 2 potions of magic
 u - 2 potions of cancellation {unknown}
 v - a potion of heal wounds {unknown}
 z - a potion of lignification {unknown}


   Skills:
 - Level 2.4 Dodging
 - Level 2.4 Stealth
 + Level 11.1 Spellcasting
 - Level 1.1 Transmutations
 + Level 9.5 Earth Magic


You had 15 spell levels left.
You knew the following spells:

 Your Spells              Type           Power      Damage    Failure   Level
a - Sandblast             Erth           100%       2d20      1%          1
b - Stone Arrow           Conj/Erth      68%        3d11      2%          3
c - Petrify               Tmut/Erth      37%        N/A       5%          4
d - Leda's Liquefaction   Hex/Erth       17%        N/A       7%          4
z - Passwall              Tmut/Erth      30%        N/A       1%          2

Your spell library contained the following spells:

 Spells                   Type           Power      Damage    Failure   Level
 Shock                    Conj/Air       48%        1d6       4%          1
 Blink                    Tloc           24%        N/A       8%          2
 Call Canine Familiar     Summ           12%        N/A       16%         3
 Lesser Beckoning         Tloc           12%        N/A       16%         3
 Portal Projectile        Hex/Tloc       24%        N/A       16%         3
 Fireball                 Conj/Fire      6%         3d5       80%         5
 Iskenderun's Battlesphe  Conj           12%        2d7       80%         5
 Manifold Assault         Tloc           12%        N/A       80%         5
 Conjure Ball Lightning   Conj/Air       6%         3x3d6     100%        6
 Orb of Destruction       Conj           6%         9d6       100%        7


Dungeon Overview and Level Annotations

Branches:
Dungeon (5/15)             Temple (1/1) D:4           Sewer (visited)

Altars:
Ashenzari
Cheibriados
Dithmenos
Elyvilon
Fedhas
Gozag
Hepliaklqana
Kikubaaqudgha
Makhleb
Nemelex Xobeh
Okawaru
Qazlal
Sif Muna
Trog
Uskayaw
Vehumet
Wu Jian
Xom
Yredelemnul
Zin
The Shining One

Shops:
D:1 ?   D:3 *(?:(


Message History

You kill the jelly!
Vehumet accepts your kill. The iguana bites you.
The blast of sand hits the iguana!
The iguana is almost dead.
The iguana barely misses you.
The blast of sand hits the iguana!
You kill the iguana!
Vehumet accepts your kill.
There is an open door here.
You see here a scorpion corpse.
You now have 194 gold pieces (gained 7).
There is an open door here.
You see here a scorpion corpse.
You open the door.
A gnoll sergeant, a phantom and a vampire mosquito come into view.
The gnoll sergeant is wielding a +2 spear of flaming.
Found a bubbling sapphire potion.
The blast of sand hits the phantom.
The phantom is moderately damaged.
The vampire mosquito barely misses you.
The gnoll sergeant hits you from afar with a +2 spear of flaming.
The gnoll sergeant burns you. The vampire mosquito bites you.
The blast of sand hits the vampire mosquito!!
The vampire mosquito is severely damaged.
The vampire mosquito bites you!
The vampire mosquito draws strength from your injuries!
The vampire mosquito barely misses you.
The gnoll sergeant hits you from afar with a +2 spear of flaming.
The gnoll sergeant burns you. The vampire mosquito bites you!
* * * LOW HITPOINT WARNING * * *
The vampire mosquito draws strength from your injuries!
The gnoll sergeant hits you from afar with a +2 spear of flaming.
* * * LOW HITPOINT WARNING * * *
Okay, then.
It was a potion of curing.
You feel better.
The vampire mosquito bites you but does no damage.
The vampire mosquito closely misses you.
The gnoll sergeant hits you from afar with a +2 spear of flaming!
You die...

##....(.......
###..........##
#.............
#..#.####.... ###
##..#.#..##... #.!#
##..##.#...##.##...# #
##....#.##...#.#.g.# #.
##........##.†#.#yW# .
..
...........###..@###...
..
.#.............8........
..
.###.......###...###....
. ..###..#..##.†#.#+ ..
..###..#.##...#.#
#..##....#...##.##
##.......#..##...##
#.......####.....### #
##................... #


You could see a vampire mosquito, a phantom and a gnoll sergeant.

Vanquished Creatures
  Pikel (D:4)
  Sigmund (D:3)
  Menkaure (D:4)
  A water moccasin (D:5)
  An ogre (D:5)
  3 phantoms
  2 lemures (D:4)
  A scorpion (D:5)
  An orc priest (D:5)
  A jelly (D:5)
  Crazy Yiuf (D:4)
  3 hounds
  Jessica (D:3)
  3 iguanas (D:5)
  Terence (D:3)
  An orc wizard (D:5)
  A hell rat (Sewer)
  Robin (D:3)
  7 adders
  3 gnolls (D:4)
  5 river rats
  A shadow imp (D:5)
  A white imp (D:5)
  3 ufetubi
  2 worms
  5 dart slugs
  14 orcs
  4 endoplasms
  5 giant cockroaches
  17 goblins
  7 hobgoblins
  4 jackals (D:1)
  2 quokkas
  5 ball pythons
  6 bats
  A frilled lizard (D:3)
  4 kobolds
  12 rats
  8 bushes (D:3)
141 creatures vanquished.

Vanquished Creatures (others)
  8 plants (D:4)
  6 withered plants (D:5)
14 creatures vanquished.

Grand Total: 155 creatures vanquished

Notes
Turn   | Place    | Note
-------+----------+-------------------------------------------
     0 | D:1      | Heoruswealwe the Deep Elf Earth Elementalist began the
                  | quest for the Orb.
     0 | D:1      | Reached XP level 1. HP: 10/10 MP: 6/6
   127 | D:1      | Reached XP level 2. HP: 15/15 MP: 2/8
   130 | D:1      | Learned a level 2 spell: Passwall
   195 | D:1      | Found Pibaepi's Magic Scroll Emporium.
   329 | D:1      | Reached skill level 4 in Spellcasting
   493 | D:1      | Bought a scroll of identify for 22 gold pieces
   493 | D:1      | Bought a scroll of identify for 22 gold pieces
   493 | D:1      | Bought a scroll of identify for 22 gold pieces
   578 | D:2      | Reached XP level 3. HP: 19/19 MP: 7/10
   582 | D:2      | Learned a level 3 spell: Stone Arrow
   854 | D:1      | Bought a scroll of fear for 44 gold pieces
  1250 | D:3      | Found Jiebb's Magic Scroll Shoppe.
  1258 | D:3      | Found Sookluap's Book Shoppe.
  1267 | D:3      | Bought a scroll of identify for 26 gold pieces
  1267 | D:3      | Bought a scroll of identify for 26 gold pieces
  1307 | D:3      | Noticed Jessica
  1307 | D:3      | Noticed Robin
  1313 | D:3      | Killed Jessica
  1314 | D:3      | Reached XP level 4. HP: 21/24 MP: 5/12
  1544 | D:3      | Learned a level 4 spell: Petrify
  1547 | D:3      | Noticed Terence
  1554 | D:3      | Killed Terence
  1555 | D:3      | Reached skill level 5 in Spellcasting
  1636 | D:3      | Found Guok's General Store.
  1658 | D:3      | Found Yrodwecs's Weapon Shop.
  1852 | D:3      | Noticed Sigmund
  1862 | D:3      | Killed Sigmund
  1863 | D:3      | Reached skill level 6 in Spellcasting
  1863 | D:3      | Reached skill level 5 in Earth Magic
  1863 | D:3      | Reached XP level 5. HP: 5/28 MP: 5/15
  1863 | D:3      | Reached XP level 6. HP: 6/32 MP: 5/17
  2128 | D:3      | Learned a level 4 spell: Leda's Liquefaction
  2448 | D:3      | Killed Robin
  2558 | D:3      | Found Xuxof's Weapon Shoppe.
  3140 | D:4      | Reached skill level 7 in Spellcasting
  3148 | D:4      | Identified the +0 robe of Sloth {rPois rF+ rC- rN+ Slay+2}
  3223 | D:4      | Found a hide-covered altar of Uskayaw.
  3395 | D:4      | Noticed Menkaure
  3396 | D:4      | Found a staircase to the Ecumenical Temple.
  3399 | D:4      | Killed Menkaure
  3400 | D:4      | Reached XP level 7. HP: 36/36 MP: 16/20
  3528 | Temple   | Entered the Ecumenical Temple
  3535 | Temple   | Became a worshipper of Vehumet
  3570 | D:4      | Found a runed translucent door.
  3571 | D:4      | Noticed Crazy Yiuf
  3577 | D:4      | Killed Crazy Yiuf
  3578 | D:4      | Reached skill level 8 in Spellcasting
  3739 | D:4      | Identified the +10 dagger "Giatzeul" {freeze, Dex+6}
  3756 | D:4      | Found a shimmering blue altar of Sif Muna.
  3757 | D:4      | Found a basalt altar of Yredelemnul.
  3757 | D:4      | Found a white marble altar of Elyvilon.
  3758 | D:4      | Found an iron altar of Okawaru.
  3758 | D:4      | Found a burning altar of Makhleb.
  3759 | D:4      | Found a shimmering altar of Xom.
  3759 | D:4      | Found a sparkling altar of Nemelex Xobeh.
  3782 | D:4      | Identified the +2 flail "Goblin's Funeral" {vorpal, rElec
                  | rCorr Stlth+}
  3853 | D:4      | Noticed Pikel
  3874 | D:4      | Killed Pikel
  3875 | D:4      | Reached skill level 9 in Spellcasting
  3875 | D:4      | Reached XP level 8. HP: 36/41 MP: 12/23
  4100 | D:5      | Entered Level 5 of the Dungeon
  4150 | D:5      | Found an ancient bone altar of Kikubaaqudgha.
  4157 | D:5      | Reached skill level 10 in Spellcasting
  4203 | D:5      | Reached * piety under Vehumet
  4203 | D:5      | Offered knowledge of Shock by Vehumet.
  4446 | D:5      | Found a glowing drain.
  4457 | Sewer    | Entered a sewer
  4943 | D:5      | Reached skill level 11 in Spellcasting
  4959 | D:5      | HP: 2/41 [gnoll sergeant/+2 spear of flaming (1)]
  4960 | D:5      | Slain by a gnoll sergeant

Illustrated notes

Levels and vault maps discovered:
D:1:      pf_arrival_petrified_forest, layout_basic, serial_shops,
          nicolae_shop_hallway_stairs, kennysheep_pointless_box
D:2:      layout_loops_ring
D:3:      layout_basic, serial_shops, shop, shop,
          nicolae_shop_competitors_out_of_business, shop_statue,
          nicolae_shop_stone, corexii_corridor_pit, grunt_decor_mini_mirrors,
          dreamdust_princess_bridge, uniq_robin, uniq_sigmund, uniq_terence,
          uniq_jessica
D:4:      layout_basic, eat_drink_and_be_merry_uskayaw,
          grunt_temple_overflow_open, minmay_temple_entry_gardened_gates,
          mrwooster_statue_mirror, uniq_menkaure, uniq_pikel,
          uniq_crazy_yiuf_cottage
D:5:      cheibrodos_barr_body, layout_layer_cave, kiku_gazebo_garden_becter,
          portal_sewer_entry_e
Temple:   nicolae_temple_no_exploring_needed

Skill      XL: |  1  2  3  4  5  6  7  8 |
---------------+-------------------------+-----
Spellcasting   | 4 6 7 9 11 | 11.1
Earth Magic    | 4 5 6 8 9 |  9.5
Dodging        | |  2.4
Stealth        | |  2.4
Transmutations | |  1.1

Action                   |  1- 3 |  4- 6 |  7- 9 || total
-------------------------+-------+-------+-------++-------
Melee: Halberd           |       |   225 |    26 ||   251
       Dagger            |       |    75 |    16 ||    91
       Punch             |       |       |     1 ||     1
 Cast: Sandblast         |    47 |    64 |   103 ||   214
       Passwall          |     2 |       |       ||     2
  Use: Scroll            |     6 |     2 |       ||     8
       Potion            |       |       |     1 ||     1
Armor: Robe              |     1 |     5 |     9 ||    15
Dodge: Dodged            |     9 |    15 |    29 ||    53
